 Dungeon Crawl Stone Soup version 0.31-a0-544-gceb718ecc6 (webtiles) character file.

Game seed: 13019465009729246294

455 IdlyInterested the Trooper (level 6, -7/51 HPs)
             Began as a Demonspawn Gladiator on Aug 15, 2023.
             Killed from afar by an orc wizard (9 damage)
             ... with a puff of flame
             ... on level 5 of the Dungeon.
             The game lasted 00:12:35 (3395 turns).

IdlyInterested the Trooper (Demonspawn Gladiator)   Turns: 3395, Time: 00:12:35

Health: -7/51      AC:  8    Str: 16    XL:     6   Next: 76%
Magic:  6/6        EV:  8    Int: 10    God:
Gold:   267        SH:  0    Dex: 14    Spells: 5/5 levels left

rFire   . . .        l - +4 dagger
rCold   . . .        (no shield)
rNeg    . . .        m - +0 chain mail
rPois   .            (helmet restricted)
rElec   .            (no cloak)
rCorr   +            (no gloves)
SInv    .            (no boots)
Will    .....        (no amulet) Stlth
                     c - ring of resist corrosion
HPRegen 0.28/turn    (no ring)
MPRegen 0.10/turn

%: no passive effects
@: invisible
A: horns 2, demonic guardian 1
a: no special abilities


You were on level 5 of the Dungeon.
You visited 1 branch of the dungeon, and saw 5 of its levels.
You also visited: Sewer.

You collected 267 gold pieces.

Inventory:

Hand Weapons
 a - a +0 long sword
 l - a +4 dagger (weapon)
 s - a +4 dagger
 v - a +0 great sword
Missiles
 d - 3 throwing nets
 e - a javelin
 i - 2 boomerangs
 j - 28 stones (quivered)
 o - 10 poisoned darts
 r - 3 darts of dispersal
Armour
 b - a +0 leather armour
 h - a +0 ring mail
 m - a +0 chain mail (worn)
Magical Staves
 p - a staff of fire
Jewellery
 c - a ring of resist corrosion (left hand)
Talismans
 g - a flux talisman
Scrolls
 n - a scroll of amnesia
 t - a scroll of acquirement {unknown}
Potions
 f - 2 potions of cancellation
 k - 2 potions of curing
 q - a potion of magic


   Skills:
 + Level 5.2 Fighting
 - Level 4.0 Long Blades
 - Level 2.0 Throwing
 - Level 1.0 Armour
 * Level 3.0 Dodging
 - Level 1.0 Stealth
 - Level 1.0 Shields
 - Level 1.0 Unarmed Combat
 - Level 1.0 Evocations
 - Level 1.0 Shapeshifting


You had 5 spell levels left.
You didn't know any spells.
Your spell library contained the following spells:

 Spells                   Type           Power      Damage    Failure   Level
 Freeze                   Ice            0%         1d3       99%         1
 Blink                    Tloc           0%         N/A       100%        2
 Lesser Beckoning         Tloc           0%         N/A       100%        2
 Momentum Strike          Conj/Tloc      0%         3d8       100%        2
 Frozen Ramparts          Ice            0%         1d1       100%        3
 Hailstorm                Conj/Ice       0%         3d3       100%        3
 Animate Dead             Necr           0%         N/A       100%        4
 Haunt                    Necr/Summ      0%         N/A       100%        7
 Infestation              Necr           0%         N/A       100%        8


Dungeon Overview and Level Annotations

Branches:
Dungeon (5/15)              Sewer (visited)
 Temple: D:4-7

Altars:
Dithmenos
Nemelex Xobeh
Ru
Vehumet


Innate Abilities, Weirdness & Mutations

You have a pair of horns on your head.
A weak demonic guardian rushes to your aid.


Message History

An orc comes into view. It is wielding a +0 club.
You hear some strange, mumbled words.
A puff of flame appears from out of thin air!
The puff of flame hits you!
A demonic guardian appears!
Something hits your shadow imp. Something freezes your shadow imp.
Your shadow imp resists.
The orc wizard mumbles some strange words.
The orc wizard flickers and vanishes!
The orc wizard hits your shadow imp with a +2 dagger of venom.
Your shadow imp is poisoned.
You fade into invisibility!
The orc completely misses you. Something hits you but does no damage.
Something completely misses you.
The orc wizard barely misses your shadow imp.
Your shadow imp barely misses something.
You hit the orc. You punch the orc.
You kill the orc!
Your shadow imp dies!
Your shadow imp disappears in a puff of smoke!
An adder comes into view.
Something hits you but does no damage.
The orc wizard gestures at you while chanting.
The ice beast resists with some effort.
Something hits you.
The orc priest calls down the wrath of Beogh upon you.
Beogh smites you!
* * * LOW HITPOINT WARNING * * *
You hit the quokka.
The quokka is heavily wounded.
The quokka bites you.
* * * LOW HITPOINT WARNING * * *
Something hits you.
* * * LOW HITPOINT WARNING * * *
Something hits you but does no damage.
You closely miss the quokka.
The quokka is heavily wounded.
The quokka closely misses you.
You barely miss something. Your headbutt misses something.
You hear some strange, mumbled words.
A puff of flame appears from out of thin air!
The puff of flame hits you!
You die...

### #@#
#{r{S§≈5.~
##..Yo§≈≈≈
#.###oo.S
#.# ###
#.# #.#
###


You could see an ice beast (unable to see you), an orc priest (unable to see
you), an orc wizard (unable to see you), an adder (unable to see you), an orc
(unable to see you) and a quokka (unable to see you).

Vanquished Creatures
  A black bear (D:4)
  A hound (D:4)
  2 orc priests
  2 orc wizards
  5 river rats
  5 adders
  2 worms (D:2)
  4 dart slugs
  7 orcs
  6 ball pythons
  6 bats
  10 endoplasms
  7 giant cockroaches
  4 goblins
  4 hobgoblins
  A quokka (D:4)
  2 frilled lizards
  9 kobolds
  12 rats
90 creatures vanquished.

Vanquished Creatures (collateral kills)
  A hell rat (Sewer)
  A river rat (Sewer)
  An endoplasm (D:3)
3 creatures vanquished.

Vanquished Creatures (others)
  A scorpion (D:5)
  A hound (D:5)
  An adder (D:5)
  A quokka (D:5)
4 creatures vanquished.

Grand Total: 97 creatures vanquished

Notes
Turn   | Place    | Note
-------+----------+-------------------------------------------
     0 | D:1      | IdlyInterested the Demonspawn Gladiator began the quest for
                  | the Orb.
     0 | D:1      | Reached XP level 1. HP: 16/16 MP: 1/1
   165 | D:1      | Gained mutation: You have a pair of small horns on your
                  | head. [demonic ancestry]
   165 | D:1      | Reached XP level 2. HP: 22/22 MP: 2/2
   824 | D:2      | Gained mutation: A weak demonic guardian rushes to your
                  | aid. [demonic ancestry]
   824 | D:2      | Reached XP level 3. HP: 27/28 MP: 3/3
  1044 | D:2      | Found a sacrificial altar of Ru.
  1122 | D:2      | Reached skill level 1 in Shapeshifting
  1183 | D:2      | Reached XP level 4. HP: 28/34 MP: 4/4
  1234 | D:2      | Reached skill level 3 in Fighting
  1234 | D:2      | Reached skill level 1 in Shields
  1257 | D:2      | Reached skill level 1 in Evocations
  1263 | D:2      | Reached skill level 1 in Stealth
  1722 | D:3      | Found a shadowy altar of Dithmenos.
  1893 | D:3      | Found a faded altar of an unknown god.
  1893 | D:3      | You fall into a shaft and drop 2 floors!
  1893 | D:5      | Entered Level 5 of the Dungeon
  1893 | D:5      | Found a radiant altar of Vehumet.
  1941 | D:4      | Reached skill level 1 in Armour
  1941 | D:4      | Gained mutation: You have a pair of horns on your head.
                  | [demonic ancestry]
  1941 | D:4      | Reached XP level 5. HP: 40/42 MP: 5/5
  2010 | D:4      | Noticed a black bear
  2017 | D:4      | Killed a black bear
  2018 | D:4      | Reached skill level 4 in Fighting
  2018 | D:4      | Reached skill level 1 in Unarmed Combat
  2031 | D:4      | Reached XP level 6. HP: 39/49 MP: 6/6
  2275 | D:4      | Found a glowing drain.
  2286 | Sewer    | Entered a sewer
  2744 | D:3      | Reached skill level 5 in Fighting
  2909 | D:3      | Found a sparkling altar of Nemelex Xobeh.
  3383 | D:5      | Noticed an ice beast
  3393 | D:5      | HP: 1/51 [something (2)]
  3395 | D:5      | Killed from afar by an orc wizard

Illustrated notes

Levels and vault maps discovered:
D:1:      evilmike_arrival_rings, layout_loops_cross, minivault_25
D:2:      layout_rooms, basic_altar, serial_glass, glass_columns_c,
          glass_columns_b, glass_columns_b, glass_columns_b, glass_columns_b,
          glass_columns_c
D:3:      layout_rooms, old_standard_altar, nemelex_dance_club_becter,
          chequers_ecumenical_altar_island, kennysheep_pointless_box
D:4:      layout_basic, serial_glass, glass_columns_a, glass_columns_b,
          glass_columns_a, glass_columns_b, glass_columns_a, glass_columns_b,
          due_unseen_surprise, minmay_strange_pillars, portal_sewer_entry_b
D:5:      layout_basic, nzn_wu_jian_contemplation, trog_wizard,
          marbit_many_paths, mainiacjoe_overflow_surrounded_room,
          xom_confusion_cloud, interstate_on_off

Skill      XL: |  1  2  3  4  5  6 |
---------------+-------------------+-----
Long Blades    | 3 4 |  4.0
Dodging        | 3 |  3.0
Throwing       | 2 |  2.0
Shapeshifting  | 1 |  1.0
Fighting       | 3 4 5 |  5.2
Shields        | 1 |  1.0
Evocations     | 1 |  1.0
Stealth        | 1 |  1.0
Armour         | 1 |  1.0
Unarmed Combat | 1 |  1.0

Action                     |  1- 3 |  4- 6 || total
---------------------------+-------+-------++-------
  Melee: Long sword        |    31 |       ||    31
         Dagger            |    56 |   173 ||   229
         Headbutt          |    16 |    28 ||    44
         Punch             |       |     3 ||     3
  Throw: Stone             |       |     9 ||     9
    Use: Scroll            |       |     5 ||     5
         Potion            |       |     4 ||     4
 Armour: Ring mail         |    17 |       ||    17
         Leather armour    |     4 |       ||     4
         Chain mail        |    26 |    79 ||   105
  Dodge: Dodged            |    42 |    80 ||   122

Table legend: (Time is in decaauts)
 A = Elapsed time spent in this place.
 B = Non-inter-level travel time spent in this place.
 C = Inter-level travel time spent in this place.
 D = Time resting spent in this place.
 E = Time spent auto-exploring this place.
 F = Levels seen in this place.
 G = Mean time per level.
                   A        B        C        D        E       F      G
               +--------+--------+--------+--------+--------+-----+--------+
         Total |   3407 |   2853 |    554 |    356 |   1629 |   6 |  567.8 |
       Dungeon |   3033 |   2479 |    554 |     98 |   1629 |   5 |  606.6 |
         Sewer |    374 |    374 |      0 |    258 |      0 |   1 |  374.0 |
               +--------+--------+--------+--------+--------+-----+--------+

Top non-repeatable levels by time:
     D:1: 898 daAuts
     D:4: 760 daAuts
     D:3: 665 daAuts
     D:2: 657 daAuts
   Sewer: 374 daAuts
     D:5: 52 daAuts
